 Dungeon Sprint DCSS version 0.30.1-3-gfc49f6343a (webtiles) character file.

Game seed: 8618715797228230654

0 AccursedSamuel the Poker (level 3, 0/31 HPs)
             Began as a Human Berserker on Aug 8, 2023.
             Was a Believer of Trog.
             Slain by an adder (2 damage)
             ... in the Dungeon (Sprint VI: "Thunderdome").
             The game lasted 00:01:38 (174 turns).

AccursedSamuel the Poker (Human Berserker)           Turns: 174, Time: 00:01:41

Health: 0/31       AC:  3    Str: 19    XL:     3   Next: 32%
Magic:  3/3        EV: 12    Int:  7    God:    Trog [**....]
Gold:   200        SH:  0    Dex: 12    Spells: 2/2 levels left

rFire   . . .        a - +0 spear
rCold   . . .        (no shield)
rNeg    . . .        m - +0 leather armour
rPois   .            (no helmet)
rElec   .            (no cloak)
rCorr   .            (no gloves)
SInv    .            (no boots)
Will    .....        (no amulet)
Stlth   +            (no ring)
HPRegen 0.25/turn    (no ring)
MPRegen 0.08/turn

%: no teleportation
@: confused, lethally poisoned (0 -> -2)
A: no striking features
a: Renounce Religion, Berserk, Trog's Hand


You were in the Dungeon.
You worshipped Trog.
Trog was pleased with you.
You visited 1 branch You collected 200 gold pieces.

Inventory:

Hand Weapons
 a - a +0 spear (weapon)
Armour
 b - a +0 animal skin
 m - a +0 leather armour (worn)
Wands
 j - a wand of quicksilver (5)
 k - a wand of roots (5)
Scrolls
 h - 4 scrolls of blinking
 l - 3 scrolls of fog
Potions
 c - a potion of curing
 d - 4 potions of heal wounds
 e - 4 potions of haste
 f - 2 potions of magic
 g - a potion of berserk rage
 i - a potion of resistance


   Skills:
 + Level 4.7 Fighting
 + Level 4.9 Polearms
 + Level 2.7 Armour
 + Level 2.6 Dodging


You had 2 spell levels left.
You didn't know any spells.
Your spell library was empty.

Dungeon Overview and Level Annotations

Branches:
Dungeon (1/1)

Altars:
Cheibriados
Dithmenos
Fedhas
Gozag
Kikubaaqudgha
Makhleb
Okawaru
Qazlal
Ru
Sif Muna
Trog
Uskayaw
Vehumet
Wu Jian
Xom
Yredelemnul
Zin
The Shining One
Lugonu

Shops:
D *[??*?*:[((!!!!

Annotations:
D Sigmund


Message History

You have reached level 2!
You have reached level 3!
Your experience leads to an increase in your attributes!
Increase (S)trength, (I)ntelligence, or (D)exterity?
You feel stronger. x2
Sigmund gestures at you while chanting. The puff of flame hits you.
Sigmund hits you from afar with a +0 scythe!
* * * LOW HITPOINT WARNING * * *
You hit the kobold.
You kill the kobold!
Trog accepts your kill. Sigmund casts a spell at you.
You are confused.
Sigmund casts a spell at you.
You are more confused.
You see here a +0 whip.
You're too confused to move!
An adder comes into view.
Sigmund hits you with a +0 scythe.
* * * LOW HITPOINT WARNING * * *
The adder hisses angrily.
Sigmund closely misses you.
You barely miss Sigmund. Sigmund hits you with a +0 scythe.
* * * LOW HITPOINT WARNING * * *
The adder barely misses you. The adder bites you.
* * * LOW HITPOINT WARNING * * *
You are lethally poisoned!
The adder poisons you! Sigmund barely misses you.
* * * LOW HITPOINT WARNING * * *
You feel sick.
* * * LOW HITPOINT WARNING * * *
You feel sick. The adder bites you but does no damage.
Sigmund gestures wildly while chanting.
Sigmund flickers and vanishes!
Deactivating autopickup; reactivate with Ctrl-A.
The adder bites you.
You die...

#####.8....)....8.######
..__......###......___∩##
........8.# #.8........∩###
..........###.............##
.......###...###..........⌠#
.......# #.<.# #..........⌠#
.......###...###..........⌠#
..........###.............##
........8.# #.8S@......∩###
∩___......###......_..∩##
#####.8......){.8.######
#⌠.....).....⌠#
###.........### #_......._#
#_......._# #_......._#
#∩.......∩#


You could see an adder.

Vanquished Creatures
  Jessica (D)
  An orc (D)
  A kobold (D)
3 creatures vanquished.

Notes
Turn   | Place    | Note
-------+----------+-------------------------------------------
     0 | D        | AccursedSamuel the Human Berserker began the quest for the
                  | Orb.
     0 | D        | Reached XP level 1. HP: 18/18 MP: 1/1
     4 | D        | Found a basalt altar of Yredelemnul.
     4 | D        | Found a glowing silver altar of Zin.
     5 | D        | Round 1.
     6 | D        | Found a corrupted altar of Lugonu.
     6 | D        | Found a blossoming altar of Fedhas.
     8 | D        | Found a bloodstained altar of Trog.
     8 | D        | Found an opulent altar of Gozag.
    10 | D        | Found a hide-covered altar of Uskayaw.
    10 | D        | Found a shadowy altar of Dithmenos.
    11 | D        | Found an ancient bone altar of Kikubaaqudgha.
    11 | D        | Found a stormy altar of Qazlal.
    12 | D        | Found an ornate altar of the Wu Jian Council.
    12 | D        | Found a sacrificial altar of Ru.
    13 | D        | Found Ulyagar's Magic Scroll Shop.
    13 | D        | Found Ucless's Staff Store.
    14 | D        | Found Recoblio's Magic Scroll Shop.
    14 | D        | Found Achehyta's Must-Have Magic.
    47 | D        | Found a shimmering altar of Xom.
    63 | D        | Found a radiant altar of Vehumet.
    64 | D        | Found Hausyis's Distillery.
    66 | D        | Found Ziadil's Distillery.
    66 | D        | Found Ziramol's Bottled Wisdom.
    67 | D        | Found Omix's Do-It-Yourself Clinic.
    87 | D        | Found a glowing golden altar of the Shining One.
    91 | D        | Found Masim's Weapon Rack.
    92 | D        | Found a snail-covered altar of Cheibriados.
    92 | D        | Found a shimmering blue altar of Sif Muna.
    92 | D        | Found Epe Inue's Premium Goods.
    93 | D        | Found Ucwipuxi's Basic Armour.
    93 | D        | Found Keoc Ykuss's Miscellaneous Merchandise.
    98 | D        | Found an iron altar of Okawaru.
   100 | D        | Found a burning altar of Makhleb.
   101 | D        | Found Jumogece's Identification Station.
   103 | D        | Found Zooc's Advanced Armour.
   103 | D        | Found Woseasti's Jewellery.
   154 | D        | Noticed Jessica
   155 | D        | Noticed Sigmund
   161 | D        | Killed Jessica
   161 | D        | Reached ** piety under Trog
   162 | D        | Reached XP level 2. HP: 20/26 MP: 2/2
   162 | D        | Reached XP level 3. HP: 24/31 MP: 3/3
   174 | D        | Slain by an adder

Illustrated notes

Levels and vault maps discovered:
D:        arena_sprint

Skill      XL: |  1 |
---------------+----+-----
Fighting       | 4 |  4.7
Polearms       | 4 |  4.9
Armour         | |  2.7
Dodging        | |  2.6

Action                     || total
---------------------------++-------
  Melee: Spear             ||    12
 Armour: Leather armour    ||     1
  Dodge: Dodged            ||     7
